 Dungeon Crawl Stone Soup version 0.28.0-45-g0d030f2227 (webtiles) character file.

Game seed: 4593290340095068602

2139 101zpm the Conjurer (level 8, -6/59 HPs)
             Began as a Demigod Conjurer on Apr 11, 2022.
             Mangled by a troll (10 damage)
             ... on level 5 of the Dungeon.
             The game lasted 00:39:31 (13516 turns).

101zpm the Conjurer (Demigod Conjurer)             Turns: 13516, Time: 00:39:32

Health: -6/59      AC:  5    Str:  8    XL:     8   Next: 83%
Magic:  13/21      EV: 13    Int: 28    God:
Gold:   315        SH:  0    Dex: 12    Spells: 10/19 levels left

rFire   . . .      SeeInvis .   c - staff of conjuration
rCold   . . .      Faith    .   (no shield)
rNeg    . . .      Spirit   .   a - +0 robe
rPois   .          Reflect  .   (no helmet)
rElec   .          Harm     .   k - +0 cloak
rCorr   .          Rampage  .   s - +0 pair of gloves
Will    .....                   t - +0 pair of boots
Stlth   +++.......              (no amulet)
HPRegen 0.19/turn               (no ring)
MPRegen 0.17/turn               (no ring)

@: no status effects
A: high MP 1, forlorn, divine attributes
a: no special abilities


You were on level 5 of the Dungeon.
You visited 1 branch of the dungeon, and saw 7 of its levels.

You collected 315 gold pieces.

Inventory:

Hand Weapons
 w - a +3 battleaxe
Missiles
 b - 125 stones
 z - 3 datura-tipped darts
 C - 12 poisoned darts
Armour
 a - a +0 robe (worn)
 k - a +0 cloak (worn)
 s - a +0 pair of gloves (worn)
 t - a +0 pair of boots (worn)
Magical Staves
 c - a staff of conjuration (weapon)
Wands
 q - a wand of polymorph (12)
 v - a wand of charming (18)
 x - a wand of flame (29)
Scrolls
 e - 2 scrolls of noise {unknown}
 f - a scroll of magic mapping {unknown}
 g - 4 scrolls of identify
 h - 3 scrolls of teleportation
 j - 2 scrolls of fog {unknown}
 l - a scroll of vulnerability {unknown}
 m - a scroll of brand weapon {unknown}
 p - a scroll of fear {unknown}
 r - a scroll of enchant weapon {unknown}
 u - 2 scrolls of enchant armour {unknown}
 y - a scroll of acquirement {unknown}
 A - a scroll of amnesia {unknown}
 E - a scroll of immolation {unknown}
Potions
 d - 3 potions of curing
 i - a potion of mutation {unknown}
 n - a potion of cancellation {unknown}
 o - 2 potions of brilliance {unknown}
 B - a potion of berserk rage {unknown}
 D - a potion of flight {unknown}
 F - 2 potions of haste {unknown}


   Skills:
 + Level 1.4 Fighting
 + Level 0.5 Staves
 + Level 3.4 Dodging
 + Level 4.5 Stealth
 + Level 6.3 Spellcasting
 + Level 7.7 Conjurations
 + Level 0.9 Hexes


You had 10 spell levels left.
You knew the following spells:

 Your Spells              Type           Power      Damage    Failure   Level
a - Magic Dart            Conj           100%       1d8       1%          1
b - Searing Ray           Conj           100%       2d8       1%          2
c - Slow                  Hex            56%        N/A       4%          1
d - Blink                 Tloc           16%        N/A       9%          2
e - Dazzling Flash        Conj/Hex       98%        N/A       3%          3

Your spell library contained the following spells:

 Spells                   Type           Power      Damage    Failure   Level
 Fulminant Prism          Conj/Hex       24%        3d13      10%         4
 Confusing Touch          Hex            14%        N/A       12%         3
 Iskenderun's Mystic Bla  Conj/Tloc      45%        2d10      12%         4
 Vampiric Draining        Necr           8%         2d6       17%         3
 Cause Fear               Hex            7%         N/A       36%         4
 Passage of Golubria      Tloc           8%         N/A       50%         4
 Silence                  Hex/Air        5%         N/A       80%         5
 Manifold Assault         Tloc           8%         N/A       85%         5
 Dragon Form              Tmut           4%         N/A       100%        7
 Storm Form               Tmut/Air       4%         N/A       100%        7
 Lehudib's Crystal Spear  Conj/Erth      22%        10d6      100%        8
 Dragon's Call            Summ           4%         N/A       100%        9


Dungeon Overview and Level Annotations

Branches:
Dungeon (7/15)
 Temple: D:4-7

Annotations:
D:6 Edmund


Innate Abilities, Weirdness & Mutations

You have an increased reservoir of magic. (+10% MP)
You shall have no god before yourself.
Your divine heritage dramatically boosts your attributes as you level up.


Message History

Press: ? - help, Q - select action, (/) - cycle Shift-Dir - straight line, f/p - troll
Aim: a troll (lightly wounded, 100% to hit)
You feel a surge of power!
The magic dart hits the troll.
The troll is lightly wounded.
Casting: Magic Dart (safe; 1% risk of failure)
Confirm with . or Enter, or press ? or * to list all spells.
Aiming: Searing Ray (safe; 1% risk of failure)
Press: ? - help, Shift-Dir - straight line, f/p - troll
Aim: a troll (lightly wounded, 83% to hit)
You feel a surge of power!
The searing ray hits the troll.
The troll is moderately wounded. (Press . to maintain the ray.)
Casting: Searing Ray (safe; 1% risk of failure)
Confirm with . or Enter, or press ? or * to list all spells.
Restarting spell: Searing Ray (safe; 1% risk of failure)
Press: ? - help, Shift-Dir - straight line, f/p - troll
Aim: a troll (lightly wounded, 83% to hit)
You feel a surge of power!
The searing ray hits the troll.
The troll is moderately wounded. (Press . to maintain the ray.)
Casting: Searing Ray (safe; 1% risk of failure)
Confirm with . or Enter, or press ? or * to list all spells.
Casting: Dazzling Flash (dangerous; 3% risk of failure)
Press: ? - help, Dir - look around, f - activate You feel a surge of power!
The troll bites you! The troll closely misses you. The troll claws you.
Casting: Dazzling Flash (dangerous; 3% risk of failure)
Confirm with . or Enter, or press ? or * to list all spells.
Aiming: Slow (safe; 4% risk of failure)
Press: ? - help, Shift-Dir - straight line, f - troll
Aim: a troll (lightly wounded, chance to affect: 53%)
The troll resists with significant effort.
The troll bites you!
* * * LOW HITPOINT WARNING * * *
The troll barely misses you. The troll claws you.
* * * LOW HITPOINT WARNING * * *
The troll misses you. The troll claws you!
* * * LOW HITPOINT WARNING * * *
The troll claws you!
You die...

#...............................#
#...............................#
#...............................#
................................#
...............................>#
#####[).##...####..###.....##...#
....#.).####+####..###.....######
....#.........#.T..#............#
....#.........#.@..#............#
....#.........#.^..#............#
....###.##.####.##'####...###...#
#.....#.##.####.##.##########...#
#.....#...............#.........#
#.....#...............+.........#
#.....#...............#.........#
#.....#...............#.........#
#.....###########################


You could see a troll.

Vanquished Creatures
  Pikel (D:5)
  Sigmund (D:2)
  2 ice beasts (D:6)
  A black bear (D:4)
  2 centaurs (D:7)
  A phantom (D:6)
  A gnoll sergeant (D:5)
  A scorpion (D:5)
  A wyvern skeleton (D:6)
  3 wights
  A crimson imp (D:4)
  A centaur zombie (D:5)
  A jelly (D:4)
  A bullfrog zombie (D:6)
  A gnoll shaman (D:3)
  3 orc priests
  3 iguanas
  An orc wizard (D:4)
  3 killer bee zombies
  A hound zombie (D:5)
  A hound skeleton (D:4)
  2 howler monkey skeletons (D:5)
  9 gnolls
  3 adders
  2 shadow imps (D:6)
  A white imp (D:5)
  An ufetubus (D:6)
  2 worms
  A dart slug (D:1)
  8 orcs
  9 ball pythons
  7 endoplasms
  2 giant cockroaches (D:2)
  9 goblins
  8 hobgoblins
  6 jackals
  12 kobolds
  5 quokkas
  4 bats
  A frilled lizard (D:2)
  2 goblin skeletons (D:4)
  A goblin zombie (D:4)
  3 hobgoblin zombies (D:4)
  A kobold skeleton (D:4)
  An orc skeleton (D:4)
  2 orc zombies (D:4)
  10 rats
143 creatures vanquished.

Notes
Turn   | Place    | Note
-------+----------+-------------------------------------------
     0 | D:1      | 101zpm the Demigod Conjurer began the quest for the Orb.
     0 | D:1      | Reached XP level 1. HP: 14/14 MP: 5/5
   243 | D:1      | Reached skill level 4 in Conjurations
   402 | D:1      | Reached XP level 2. HP: 20/20 MP: 5/7
  1335 | D:2      | Reached XP level 3. HP: 26/26 MP: 2/8
  1487 | D:2      | Noticed Sigmund
  2458 | D:1      | Learned a level 2 spell: Searing Ray
  3798 | D:2      | Reached XP level 4. HP: 5/33 MP: 1/10
  5795 | D:4      | Reached XP level 5. HP: 38/38 MP: 6/12
  5941 | D:3      | Reached skill level 5 in Conjurations
  6565 | D:4      | Noticed a black bear
  6576 | D:4      | Killed a black bear
  6577 | D:4      | Reached XP level 6. HP: 46/46 MP: 6/14
  6955 | D:2      | Killed Sigmund
  7064 | D:5      | Entered Level 5 of the Dungeon
  7439 | D:4      | Reached XP level 7. HP: 51/51 MP: 0/16
  7660 | D:4      | Reached skill level 6 in Conjurations
  8092 | D:5      | Reached skill level 1 in Fighting
  9164 | D:5      | Reached skill level 5 in Spellcasting
  9863 | D:6      | Reached XP level 8. HP: 59/59 MP: 4/19
  9956 | D:6      | Learned a level 1 spell: Slow
  9959 | D:6      | Learned a level 2 spell: Blink
  9963 | D:6      | Learned a level 3 spell: Dazzling Flash
  9976 | D:6      | Noticed a troll
 11689 | D:7      | Reached skill level 7 in Conjurations
 11838 | D:6      | Noticed Pikel
 12410 | D:5      | Killed Pikel
 13311 | D:6      | Noticed Edmund
 13336 | D:5      | HP: 1/59 [poisoned by a kobold brigand (curare-tipped
                  | dart)]
 13516 | D:5      | Mangled by a troll

Illustrated notes

Levels and vault maps discovered:
D:1:      dpeg_arrival_three_bigger_balls, layout_basic, grunt_decor_fettered,
          chequers_serial_rivers_room_a, minmay_misc_feat_room
D:2:      layout_loops_cross, hellmonk_ecumenical_altar_run_dry, basic_altar,
          minmay_pentomino_p2, uniq_sigmund
D:3:      layout_rooms, nrook_mini_backslash, lemuel_flame_loot_1
D:4:      layout_basic, okawaru_ov_weapons_minmay, nicolae_tso_besieged_by_evil
D:5:      layout_gridville, mainiacjoe_overflow_paths
D:6:      layout_rooms, ebering_ghost_reflecting_pool, serial_shops,
          nicolae_shop_crystal, minmay_chambers_of_fives, uniq_blork_the_orc,
          uniq_pikel, uniq_edmund
D:7:      minmay_the_grid_four_pointed_star
          [minmay_the_grid_triangle_9x9_semitri,
          minmay_the_grid_triangle_9x9_sparse_checkered,
          minmay_the_grid_triangle_9x9_intruding_spiral,
          minmay_the_grid_triangle_9x9_zippers_horizontal,
          minmay_the_grid_prize_four_corners], layout_cave_pods,
          minmay_temple_entry_mini_moons

Skill      XL: |  1  2  3  4  5  6  7  8 |
---------------+-------------------------+-----
Conjurations   | 4 5 6 7 |  7.7
Spellcasting   | 2 3 4 5 6 |  6.3
Stealth        | 2 3 4 |  4.5
Dodging        | 2 3 |  3.4
Fighting       | 1 |  1.4
Staves         | |  0.5
Hexes          | |  0.9

Action                   |  1- 3 |  4- 6 |  7- 9 || total
-------------------------+-------+-------+-------++-------
Melee: Staff             |       |       |    10 ||    10
 Cast: Magic Dart        |    80 |    86 |   102 ||   268
       Searing Ray       |    11 |    40 |    77 ||   128
       Slow              |       |       |     4 ||     4
       Dazzling Flash    |       |       |     2 ||     2
  Use: Scroll            |     1 |       |     1 ||     2
       Potion            |       |       |     1 ||     1
Armor: Robe              |     3 |     8 |    19 ||    30
Dodge: Dodged            |     9 |    15 |    49 ||    73
